 Dungeon Crawl Stone Soup version 0.29-a0-266-gf56f883ddd (webtiles) character file.

Game seed: 15190064646426345176

20069 Anon1729 the Martial Artist (level 12, -3/83 HPs)
             Began as an Octopode Monk on Mar 6, 2022.
             Was an Elder of Fedhas.
             Slain by Snorg (18 damage)
             ... on level 3 of the Lair of Beasts.
             The game lasted 01:21:56 (22125 turns).

Anon1729 the Martial Artist (Octopode Monk)        Turns: 22125, Time: 01:21:57

Health: -3/83      AC:  5    Str: 11    XL:     12   Next: 75%
Magic:  14/25      EV: 22    Int: 14    God:    Fedhas [****..]
Gold:   576        SH:  5    Dex: 17    Spells: 12/17 levels left

rFire   + . .      SeeInvis .     - Unarmed
rCold   + . .      Faith    .   (no shield)
rNeg    . . .      Spirit   .   r - +0 hat of Analysis {Fly}
rPois   .          Reflect  +   e - amulet of reflection
rElec   .          Harm     .   d - ring of protection from fire
rCorr   .          Rampage  .   D - ring of protection from cold
Will    .....                   I - +4 ring of protection
Stlth   ++++++....              K - +4 ring of evasion
HPRegen 0.23/turn               g - ring of magical power
MPRegen 0.19/turn               X - ring of wizardry
                                (no ring)
                                (no ring)

@: about to teleport, flying
A: almost no armour, amphibious, 8 rings, camouflage 1, gelatinous body 1,
(nimble swimmer 1), tentacles
a: Renounce Religion, Wall of Briars, Grow Ballistomycete, Overgrow


You were on level 3 of the Lair of Beasts.
You worshipped Fedhas.
Fedhas was greatly pleased with you.
You visited 3 branches of the dungeon, and saw 15 of its levels.
You also visited: Sewer and Ossuary.

You collected 1035 gold pieces.
You spent 459 gold pieces at shops.

Inventory:

Hand Weapons
 b - a +1 vorpal hunting sling
 Y - the +5 war axe "Doyl Xutem" {venom, Drain rN+++ Will+ Int+3}
   (You found it on level 2 of the Lair of Beasts)

   It poisons the flesh of those it strikes.
   Int:       It affects your intelligence (+3).
   rN:        It renders you almost immune to negative energy.
   Drain:     It drains your maximum health when unequipped.
   Will:      It increases your willpower.
Missiles
 i - 4 javelins
 t - 384 stones
 w - 15 boomerangs
 H - a curare-tipped dart
 L - 9 poisoned darts (quivered)
 O - a silver boomerang
 S - 5 atropa-tipped darts
 T - a throwing net
 U - 2 boomerangs of dispersal
Armour
 r - the +0 hat of Analysis (worn) {Fly}
   (You found it on level 3 of the Lair of Beasts)

   Fly:       It grants you flight.
Jewellery
 d - a ring of protection from fire (left tentacle)
 e - an amulet of reflection (around mantle)
 g - a ring of magical power (on tentacle)
 D - a ring of protection from cold (right tentacle)
 I - a +4 ring of protection (on tentacle)
 J - an amulet of faith
 K - a +4 ring of evasion (on tentacle)
 X - a ring of wizardry (on tentacle)
Wands
 B - a wand of iceblast (1)
 R - a wand of acid (5)
 V - a wand of paralysis (5)
Scrolls
 c - 3 scrolls of enchant armour
 h - a scroll of fog {unknown}
 m - 6 scrolls of teleportation
 n - 5 scrolls of vulnerability
 o - 3 scrolls of magic mapping
 q - 4 scrolls of holy word
 s - a scroll of immolation
 u - a scroll of silence {unknown}
 v - 4 scrolls of fear
 x - 4 scrolls of brand weapon
 y - 3 scrolls of amnesia
 G - a scroll of blinking
 W - 2 scrolls of torment
Potions
 a - 4 potions of ambrosia
 f - 2 potions of attraction {unknown}
 j - 3 potions of heal wounds
 k - 7 potions of curing
 l - 6 potions of might
 p - a potion of invisibility {unknown}
 z - a potion of haste
 A - 4 potions of flight {unknown}
 C - 2 potions of mutation {unknown}
 E - 3 potions of magic {unknown}
 F - a potion of resistance {unknown}
 M - a potion of lignification {unknown}
 N - a potion of berserk rage
Miscellaneous
 Q - a phial of floods (inert)


   Skills:
 + Level 8.2 Fighting
 + Level 7.4 Throwing
 + Level 8.3 Dodging
 + Level 11.3 Stealth
 * Level 11.4 Unarmed Combat
 - Level 3.0 Spellcasting
 + Level 6.6 Summonings
 * Level 5.4 Invocations


You had 12 spell levels left.
You knew the following spells:

 Your Spells              Type           Power      Damage    Failure   Level
a - Slow                  Hex            8%         N/A       9%          1
b - Summon Small Mammal   Summ           80%        N/A       1%          1
c - Call Canine Familiar  Summ           20%        N/A       1%          3

Your spell library contained the following spells:

 Spells                   Type           Power      Damage    Failure   Level
 Summon Guardian Golem    Hex/Summ       11%        N/A       6%          3
 Corpse Rot               Necr/Air       4%         N/A       13%         2
 Ensorcelled Hibernation  Hex/Ice        4%         N/A       13%         2
 Confusing Touch          Hex            2%         N/A       26%         3
 Ignite Poison            Fire/Tmut/Pois 2%         N/A       26%         3
 Mephitic Cloud           Conj/Pois/Air  2%         N/A       26%         3
 Spider Form              Tmut/Pois      2%         N/A       26%         3
 Vampiric Draining        Necr           2%         2d6       26%         3
 Anguish                  Hex/Necr       1%         N/A       61%         4
 Dispel Undead            Necr           2%         3d7       61%         4
 Hailstorm                Conj/Ice       2%         3d3       61%         4
 Ice Form                 Ice/Tmut       2%         N/A       61%         4
 Fireball                 Conj/Fire      1%         3d3       90%         5
 Freezing Cloud           Conj/Ice/Air   1%         6-21      90%         5
 Death Channel            Necr           1%         N/A       100%        6
 Simulacrum               Ice/Necr       1%         N/A       100%        6
 Starburst                Conj/Fire      1%         6d3       100%        6
 Ignition                 Fire           1%         3d3       100%        8


Dungeon Overview and Level Annotations

Branches:
Dungeon (11/15)            Temple (1/1) D:5            Lair (3/6) D:11
 Spider (0/4) Lair:3        Sewer (visited)         Ossuary (visited)
  Swamp: Lair:2-4    Shoals: Lair:2-4       Orc: D:9-12

Altars:
Ashenzari
Cheibriados
Dithmenos
Elyvilon
Fedhas
Gozag
Hepliaklqana
Kikubaaqudgha
Makhleb
Nemelex Xobeh
Okawaru
Qazlal
Ru
Sif Muna
Trog
Uskayaw
Vehumet
Wu Jian
Xom
Yredelemnul
Zin
The Shining One
Beogh

Shops:
D:5 *   D:6 !   D:8 *

Annotations:
D:3 2 runed translucent doors, jt's ghost, amateur FoVM
D:5 exclusion: ogre
D:6 Grinfader's ghost, novice DjCj
D:7 3 runed translucent doors, exclusion: troll, Tux's ghost, novice GrEE
D:10 exclusion: downstairs, Lodul
D:11 exclusion: hydra
Lair:3 6 runed translucent doors, exclusions: 3 doors and hydra, Snorg


Innate Abilities, Weirdness & Mutations

You cannot wear most types of armour.
You are amphibious.
You can wear up to eight rings at the same time.
Your skin changes colour to match your surroundings (Stealth+).
Your rubbery body absorbs attacks. (AC +1, EV +1)
((You are camouflaged when in or above water. (Stealth+)))
You have tentacles for arms and can constrict up to eight enemies at once.


Message History

Snorg claws your oklob plant but does no damage.
Your oklob plant spits acid at Snorg.
Fedhas protects a plant from harm. x2
The splash of acid hits Snorg!!
The acid corrodes Snorg!
Snorg bites your oklob plant!
Snorg claws your oklob plant but does no damage.
Snorg claws your oklob plant! Snorg bites your oklob plant.
Your oklob plant is destroyed!
Your oklob plant disappears in a puff of smoke!
Snorg is struck by your briar patch's thorns.
Snorg bites your briar patch! Snorg claws your briar patch.
Snorg claws your briar patch!
Your briar patch is destroyed!
Your briar patch disappears in a puff of smoke!
A briar patch grows up from the ground. x7
Snorg completely misses your briar patch.
Snorg claws your briar patch but does no damage.
Snorg claws your briar patch.
You fly carefully through the plants.
Snorg bites your briar patch but does no damage.
Snorg claws your briar patch! x2
Your briar patch is destroyed!
Your briar patch disappears in a puff of smoke!
Snorg closely misses you. Snorg claws you but does no damage.
Snorg completely misses you. Snorg bites your briar patch!!
Snorg claws your briar patch!
Your briar patch is destroyed!
Your briar patch disappears in a puff of smoke!
As you read the scroll of teleportation, it crumbles to dust.
You feel strangely unstable. Snorg bites you! Snorg misses you.
Snorg barely misses you.
You fly carefully through the plants.
Snorg attacks as you move away! Snorg bites you!!
* * * LOW HITPOINT WARNING * * *
Snorg closely misses you. Snorg claws you.
* * * LOW HITPOINT WARNING * * *
Snorg closely misses you. Snorg barely misses you. Snorg claws you!!
You die...
Fedhas appreciates your contribution to the ecosystem.

>^#........#.....##...## ○k.^S
^^^#........#....##....# #§...S
.^^##......###..##P....# #○.$!S
..^##......P.##.###...## #☼8)8°
....#..................#
......................##
................PP.....#### #
................PTP§P.##..#######
................@PP.P.......†.†.(
...........###.#..PP§.....P.####.
...........# ####.......#########
≈..##.[...#######......######≈≈##
≈..#P......##........#####≈≈≈≈≈≈#
≈#.##..........##..######≈≈...P≈≈
≈#........########.####≈≈≈......≈
≈#.#...>..#######...#≈≈≈...#...P≈
≈##.#.......P#.###...P....#.##..≈


You could see Snorg (berserk, corroded, ally target).

Vanquished Creatures
  3 two-headed ogres (D:8)
  Joseph (D:7)
  4 cane toads
  Maggie (D:8)
  2 komodo dragons
  3 trolls
  5 blink frogs (Lair:3)
  A jumping spider (Lair:3)
  2 wraiths
  33 yaks
  A basilisk (D:7)
  6 redbacks (Lair:3)
  Menkaure (D:7)
  3 vampire mosquitoes
  A swamp worm (Lair:3)
  8 water moccasins
  9 orc warriors
  Pargi (Sewer)
  A sky beast (D:6)
  2 black bears
  4 ogres
  8 centaurs
  5 wolves
  2 elf zombies (Ossuary)
  2 kobold brigands
  9 bullfrogs
  3 necrophages
  A gnoll sergeant (D:10)
  4 scorpions
  5 wights (D:7)
  15 killer bees
  7 howler monkeys
  4 electric eels
  11 hounds
  3 human zombies (Ossuary)
  2 jellies (D:7)
  5 orc priests
  9 orc wizards
  3 iguanas
  2 centaur simulacra (D:10)
  2 mummies (Ossuary)
  9 adders
  4 gnolls (D:10)
  5 white imps
  2 adder zombies (Ossuary)
  5 dart slugs (D:1)
  4 worms
  59 orcs
  10 endoplasms
  7 giant cockroaches
  10 goblins
  9 hobgoblins
  10 jackals
  8 kobolds
  10 quokkas
  2 ball pythons (D:1)
  6 bats
  7 frilled lizards
  2 goblin zombies (Ossuary)
  9 hobgoblin zombies (Ossuary)
  A jackal zombie (Ossuary)
  5 kobold zombies (Ossuary)
  11 orc zombies (Ossuary)
  7 rats
  2 rat zombies (Ossuary)
398 creatures vanquished.

Vanquished Creatures (collateral kills)
  A wolf (Lair:3)
  A killer bee (D:7)
  An orc wizard (D:10)
  3 ballistomycete spores
6 creatures vanquished.

Vanquished Creatures (others)
  2 fungi (Lair:3)
  7 plants
9 creatures vanquished.

Grand Total: 413 creatures vanquished

Notes
Turn   | Place    | Note
-------+----------+-------------------------------------------
     0 | D:1      | Anon1729 the Octopode Monk began the quest for the Orb.
     0 | D:1      | Reached XP level 1. HP: 16/16 MP: 1/1
   234 | D:1      | Reached XP level 2. HP: 16/21 MP: 2/2
   608 | D:1      | Reached XP level 3. HP: 26/26 MP: 3/3
  1258 | D:2      | Reached XP level 4. HP: 23/31 MP: 4/4
  1539 | D:2      | Learned a level 1 spell: Slow
  2225 | D:3      | Noticed a necrophage
  2233 | D:3      | Killed a necrophage
  2234 | D:3      | Reached XP level 5. HP: 29/36 MP: 5/5
  2322 | D:3      | Reached skill level 1 in Throwing
  2327 | D:3      | Found a faded altar of an unknown god.
  2415 | D:3      | Found a glowing drain.
  2442 | Sewer    | Entered a sewer
  2468 | Sewer    | Noticed Pargi
  2482 | Sewer    | Killed Pargi
  2483 | Sewer    | Reached XP level 6. HP: 27/43 MP: 6/6
  2812 | D:3      | Found a large runed translucent door.
  2822 | D:3      | Found a large runed translucent door.
  2971 | D:3      | Noticed jt's ghost (amateur FoVM)
  3066 | D:3      | Found a glowing golden altar of the Shining One.
  3310 | D:4      | Noticed a black bear
  3457 | D:4      | Reached skill level 5 in Unarmed Combat
  3508 | D:4      | Reached skill level 5 in Stealth
  3508 | D:4      | Reached XP level 7. HP: 42/48 MP: 7/7
  4396 | D:4      | Learned a level 1 spell: Summon Small Mammal
  4418 | D:5      | Entered Level 5 of the Dungeon
  4473 | D:5      | Reached XP level 8. HP: 54/54 MP: 8/8
  4752 | D:5      | Reached skill level 1 in Summonings
  4904 | D:5      | Found a sand-covered staircase.
  4924 | Ossuary  | Entered an ossuary
  5271 | Ossuary  | Reached skill level 5 in Dodging
  5465 | D:5      | Found Diarr's Assorted Antiques.
  5472 | D:5      | Bought a scroll labelled MOEWALASIG for 22 gold pieces
  5679 | D:5      | Reached skill level 5 in Fighting
  6089 | D:5      | Found a staircase to the Ecumenical Temple.
  6096 | Temple   | Entered the Ecumenical Temple
  6799 | Temple   | Became a worshipper of Fedhas Madash
  6799 | Temple   | Reached * piety under Fedhas
  6799 | Temple   | Reached ** piety under Fedhas
  7098 | D:6      | Found Uroa's Distillery.
  7222 | D:6      | Reached XP level 9. HP: 61/61 MP: 9/9
  7306 | D:6      | Reached skill level 1 in Spellcasting
  7389 | D:6      | Bought a potion of haste for 110 gold pieces
  7734 | D:6      | Found a runed translucent gate.
  7735 | D:6      | Found a runed translucent gate.
  7736 | D:6      | Found a runed translucent gate.
  7738 | D:6      | Noticed Grinfader's ghost (novice DjCj)
  8613 | D:7      | Noticed Joseph
  8721 | D:7      | Killed Joseph
  8767 | D:7      | Reached XP level 10. HP: 63/68 MP: 14/14
  8826 | D:7      | Found a runed translucent gate.
  8827 | D:7      | Noticed Tux's ghost (novice GrEE)
  8838 | D:7      | Noticed Menkaure
  8911 | D:7      | Killed Menkaure
  9051 | D:7      | Found a runed translucent gate.
  9051 | D:7      | Found a runed translucent gate.
  9107 | D:7      | Reached *** piety under Fedhas
 10006 | D:8      | Noticed a two-headed ogre
 10006 | D:8      | Found Nittyam's Assorted Antiques.
 10071 | D:8      | Reached skill level 5 in Throwing
 10669 | D:8      | Noticed a two-headed ogre
 10746 | D:8      | Reached **** piety under Fedhas
 11282 | D:8      | Bought a scroll labelled GENATO TUADOC for 30 gold pieces
 11282 | D:8      | Bought a scroll of identify for 60 gold pieces
 11282 | D:8      | Bought 2 scrolls labelled GAUMUO ANIST for 60 gold pieces
 11282 | D:8      | Bought a scroll of identify for 60 gold pieces
 11282 | D:8      | Bought a brown potion for 27 gold pieces
 11282 | D:8      | Bought a scroll of teleportation for 90 gold pieces
 11560 | D:8      | Killed a two-headed ogre
 12038 | D:8      | Killed a two-headed ogre
 12039 | D:8      | Reached XP level 11. HP: 74/74 MP: 15/15
 12706 | D:7      | Reached skill level 5 in Summonings
 12986 | D:9      | Noticed Maggie
 13016 | D:8      | Killed Maggie
 13188 | D:9      | Noticed a two-headed ogre
 13248 | D:8      | Killed a two-headed ogre
 13734 | D:8      | Reached skill level 10 in Unarmed Combat
 14000 | D:8      | Reached skill level 10 in Stealth
 14621 | D:10     | Entered Level 10 of the Dungeon
 15014 | D:10     | Noticed Lodul
 15017 | D:10     | Noticed a two-headed ogre
 15022 | D:10     | Noticed a two-headed ogre
 15474 | D:10     | Reached skill level 1 in Invocations
 16760 | D:11     | Noticed a four-headed hydra
 17106 | D:11     | Learned a level 3 spell: Call Canine Familiar
 17123 | D:11     | Found a staircase to the Lair.
 17204 | D:11     | Noticed an eight-headed hydra
 17729 | D:10     | Reached XP level 12. HP: 71/82 MP: 16/16
 17955 | D:11     | Reached ***** piety under Fedhas
 18193 | Lair:1   | Entered Level 1 of the Lair of Beasts
 19507 | Lair:2   | Identified the +5 war axe "Doyl Xutem" {venom, Drain rN+++
                  | Will+ Int+3}
 19939 | Lair:3   | Noticed Snorg
 20197 | Lair:3   | Found a runed translucent door.
 20379 | Lair:3   | Found a white marble altar of Elyvilon.
 20536 | Lair:3   | Identified the +0 hat of Analysis {Fly}
 20546 | Lair:3   | Found a runed translucent gate.
 20546 | Lair:3   | Found a runed translucent gate.
 20546 | Lair:3   | Found a runed translucent gate.
 20546 | Lair:3   | Found a runed translucent gate.
 20546 | Lair:3   | Found a runed translucent gate.
 20546 | Lair:3   | Found a runed translucent gate.
 20546 | Lair:3   | Noticed a boulder beetle
 20546 | Lair:3   | Noticed a boulder beetle
 21049 | Lair:3   | Reached skill level 5 in Invocations
 21575 | Lair:3   | Found a hole to the Spider Nest.
 21782 | Lair:3   | Noticed a five-headed hydra
 22125 | Lair:3   | Slain by Snorg

Illustrated notes

Levels and vault maps discovered:
D:1:      minmay_arrival_four_loops, layout_basic
D:2:      layout_basic, kennysheep_generic_room_2
D:3:      layout_loops_ring, nicolae_tso_swordbearing_angel,
          gup_sewer_entry_pipe, basic_ecumenical_altar,
          ebering_ghost_disaster_area, kennysheep_cluttered_room
D:4:      layout_cave_pools, kennysheep_generic_room_9
D:5:      layout_loops_corners, minmay_temple_entry_enclosed_plants,
          nicolae_ossuary_entry_monument, serial_shops, shop
D:6:      layout_cave_pools, ebering_ghost_rock_garden, serial_shops, shop
D:7:      minmay_opposing_rooms, layout_basic, gammafunk_ghost_split,
          chequers_serial_rivers_small_a, uniq_menkaure, uniq_joseph
D:8:      layout_basic, serial_shops, shop_fountains, special_room
          [special_room_orc]
D:9:      layout_rooms, uniq_maggie
D:10:     layout_roguey, serial_ice, serial_ice_c, serial_ice_m, serial_ice_l,
          serial_ice_o, uniq_lodul
D:11:     layout_rooms, erik_lair_island, enter_trove_1, hangedman_decor_lopped
Temple:   nicolae_temple_the_god_donut
Lair:1:   layout_layer_cave, hangedman_lair_unloving_vines,
          chequers_serial_rivers_marsh, serial_bayou_shore_b,
          infiniplex_staircase_pool, grunt_megastairs_3
Lair:2:   layout_chaotic_city, infiniplex_staircase_pool_2
Lair:3:   gammafunk_indiana_jones, layout_regular_city,
          nicolae_swamp_entry_splash_gauntlet, spider_nest_entry_webs,
          chequers_serial_rivers_large_a, cheibrodos_lair_caveside_slide,
          lemuel_centaur_altar, serial_bayou_shore_b, uniq_snorg

Skill      XL: |  1  2  3  4  5  6  7  8  9 10 11 12 |
---------------+-------------------------------------+-----
Stealth        | 3 4 5 6 7 9 10 11 | 11.3
Unarmed Combat | 4 5 6 8 9 10 11 | 11.4
Throwing       | 1 2 3 4 5 6 7 |  7.4
Dodging        | 4 5 7 8 |  8.3
Fighting       | 4 5 6 7 8 |  8.2
Summonings     | 3 4 5 6 |  6.6
Spellcasting   | 3 |  3.0
Invocations    | 2 5 |  5.4

Action                   |  1- 3 |  4- 6 |  7- 9 | 10-12 || total
-------------------------+-------+-------+-------+-------++-------
Melee: Unarmed           |    71 |    64 |   201 |   594 ||   930
       Constrict         |    27 |     9 |    56 |    81 ||   173
       Tentacles         |    13 |    12 |    63 |   157 ||   245
       Punch             |     3 |     2 |    15 |    47 ||    67
 Fire: Hunting sling     |       |    66 |     4 |       ||    70
Throw: Javelin           |     9 |     7 |    76 |    28 ||   120
       Dart              |       |     5 |    80 |   170 ||   255
       Stone             |       |       |     2 |   103 ||   105
       Boomerang         |       |       |       |    88 ||    88
 Cast: Summon Small Mamm |       |       |       |     3 ||     3
       Slow              |       |       |       |     5 ||     5
       Call Canine Famil |       |       |       |     2 ||     2
Invok: Wall of Briars    |       |       |     2 |     8 ||    10
       Grow Ballistomyce |       |       |       |     2 ||     2
       Grow Oklob        |       |       |       |     1 ||     1
Evoke: Wand              |       |       |    10 |    12 ||    22
       Phial of floods   |       |       |       |     1 ||     1
  Use: Potion            |       |     1 |       |     6 ||     7
       Scroll            |       |       |     9 |    12 ||    21
 Stab: Sleeping          |     5 |     4 |     5 |     8 ||    22
       Distracted        |       |       |     1 |     3 ||     4
Armor: Skin              |     3 |     3 |     7 |    35 ||    48
Dodge: Dodged            |    26 |    45 |   122 |   418 ||   611
Block: Other             |     8 |     9 |    34 |   116 ||   167
       Reflection        |     1 |       |     2 |     9 ||    12

Table legend: (Time is in decaauts)
 A = Elapsed time spent in this place.
 B = Non-inter-level travel time spent in this place.
 C = Inter-level travel time spent in this place.
 D = Time resting spent in this place.
 E = Time spent auto-exploring this place.
 F = Levels seen in this place.
 G = Mean time per level.
                   A        B        C        D        E       F      G
               +--------+--------+--------+--------+--------+-----+--------+
         Total |  22009 |  20837 |   1172 |   6150 |   8661 |  17 | 1294.6 |
       Dungeon |  16647 |  15714 |    933 |   4674 |   6032 |  11 | 1513.4 |
        Temple |    727 |    665 |     62 |      0 |    647 |   1 |  727.0 |
          Lair |   3910 |   3733 |    177 |   1223 |   1905 |   3 | 1303.3 |
         Sewer |    219 |    219 |      0 |    124 |      0 |   1 |  219.0 |
       Ossuary |    504 |    504 |      0 |    128 |     77 |   1 |  504.0 |
               +--------+--------+--------+--------+--------+-----+--------+

Top non-repeatable levels by time:
     D:7: 3016 daAuts
     D:8: 2833 daAuts
    D:10: 2423 daAuts
  Lair:3: 2144 daAuts
     D:5: 1428 daAuts
     D:3: 1172 daAuts
     D:1: 1055 daAuts
     D:9: 1044 daAuts
     D:2: 1016 daAuts
     D:4: 1000 daAuts
  Lair:1: 937 daAuts
     D:6: 913 daAuts
  Lair:2: 828 daAuts
    D:11: 742 daAuts
  Temple: 727 daAuts
